 Dungeon Crawl Stone Soup version 0.25.0-9-g26727b657a (webtiles) character file.

Game seed: 14982105787971210372

384 Aviak the Charmwright (level 6, 51/51 HPs)
             Began as a Gnoll Skald on June 17, 2020.
             Quit the game on level 3 of the Dungeon.
             The game lasted 00:04:23 (3688 turns).

Aviak the Charmwright (Gnoll Skald)                 Turns: 3688, Time: 00:04:24

Health: 51/51      AC:  2    Str: 13    XL:     6   Next: 77%
Magic:  14/14      EV: 16    Int: 18    God:
Gold:   168        SH:  0    Dex: 20    Spells: 10/15 levels left

rFire    . . .     SeeInvis .   h - +1 dagger (drain)
rCold    . . .     Gourm    .   (no shield)
rNeg     . . .     Faith    .   l - +0 robe (curse)
rPois    .         Spirit   .   (no helmet)
rElec    .         Reflect  .   (no cloak)
rCorr    .         Harm     .   (no gloves)
MR       .....                  (no boots)
Stlth    ++........             (no amulet)
HPRegen  0.17/turn              j - +6 ring of dexterity
MPRegen  0.14/turn              (no ring)

@: no status effects
A: distributed training, fangs 1, strong nose
a: no special abilities


You were on level 3 of the Dungeon.
You were hungry.

You visited 1 branch of the dungeon, and saw 3 of its levels.

You collected 168 gold pieces.

Inventory:

Hand Weapons
 a - a +0 spear
 h - a +1 dagger of draining (weapon)
Armour
 b - a +0 leather armour
 l - a cursed +0 robe (worn)
Jewellery
 j - a +6 ring of dexterity (left hand)
Scrolls
 c - 3 scrolls of remove curse {unknown}
 f - a scroll of immolation {unknown}
 i - 2 scrolls of magic mapping {unknown}
 k - a scroll of noise {unknown}
 m - a scroll of enchant armour {unknown}
 n - a scroll of teleportation {unknown}
 p - 2 scrolls of identify {unknown}
Potions
 e - a potion of brilliance {unknown}
 g - a potion of stabbing {unknown}
 o - 2 potions of flight {unknown}
 r - a potion of ambrosia {unknown}
Comestibles
 d - 5 rations


   Skills:
 + Level 5.0 Fighting
 + Level 2.0 Short Blades
 + Level 2.0 Long Blades
 + Level 2.0 Axes
 + Level 2.0 Maces & Flails
 + Level 5.0 Polearms
 + Level 2.0 Staves
 + Level 2.0 Slings
 + Level 2.0 Bows
 + Level 2.0 Crossbows
 + Level 2.0 Throwing
 + Level 3.3 Armour
 + Level 5.0 Dodging
 + Level 2.0 Stealth
 + Level 2.0 Shields
 + Level 2.0 Unarmed Combat
 + Level 5.4 Spellcasting
 + Level 1.6 Conjurations
 + Level 1.6 Hexes
 + Level 5.7 Charms
 + Level 1.6 Summonings
 + Level 1.6 Necromancy
 + Level 1.6 Translocations
 + Level 1.6 Transmutations
 + Level 1.6 Fire Magic
 + Level 1.6 Ice Magic
 + Level 1.6 Air Magic
 + Level 1.6 Earth Magic
 + Level 1.6 Poison Magic
 + Level 2.2 Invocations
 + Level 2.0 Evocations


You had 10 spell levels left.
You knew the following spells:

 Your Spells              Type           Power        Failure   Level  Hunger
a - Infusion              Chrm           ####         1%          1    None
b - Song of Slaying       Chrm           ####....     1%          2    #......
c - Shroud of Golubria    Chrm/Tloc      ###...       4%          2    #......

Your spell library contained the following spells:

 Spells                   Type           Power        Failure   Level  Hunger
 Ozocubu's Armour         Chrm/Ice       ###.....     9%          3    ##.....
 Spectral Weapon          Hex/Chrm       ###.....     9%          3    ##.....


Dungeon Overview and Level Annotations

Branches:
Dungeon (3/15)

Altars:
Elyvilon
Hepliaklqana
Ru
Trog


Innate Abilities, Weirdness & Mutations

Your experience applies equally to all skills.
You have very sharp teeth.
Your uncanny sense of smell can sniff out nearby items.


Message History

You kill the adder!
An orc comes into view. It is wielding a +0 flail.
An orc is nearby!
An orc is nearby!
The orc completely misses you.
An orc is nearby!
You hit the orc. You drain the orc.
You kill the orc!
p - 2 scrolls labeled AVVOEKK HIFOI (gained 1)
You see here a +0 flail.
No target in view!
No target in view!
Done exploring.
No target in view!
Done exploring.
No target in view!
No target in view!
Done exploring.
Done exploring.
Are you sure you want to abandon this character and quit the game? (Confirm with "yes".)

)##..# #...(.#
#.# ###.#####
.##.## ######.#
#.# ###≈#'##...
.##.# #.# #.#
#.# #.'...≈####
.##.# #.# #.#
#.# #.#≈#'##
.##.####.#
#.###.# #.###.##
...>....)#
#.....#
##.##...#
.##.######
#####.#
#..#8.#.8#
.##.### #####.#
#.###...####
.##...# #...@.#
#.# ##_##...
###...# #######
#.##########
#...#
#...........
#...#
#..#########
#...# #..# #
#...# #..# #####
#
###...##########
#..###...# #
..#...#........#
#......#.# #
###...########.#
##.##.##.# #


There were no monsters in sight!

Vanquished Creatures
  Sigmund (D:2)
  An orc wizard (D:3)
  Terence (D:2)
  5 adders
  3 gnolls (D:2)
  An ooze (D:3)
  A worm (D:3)
  A dart slug (D:2)
  4 leopard geckos
  3 orcs (D:3)
  8 bats
  2 giant cockroaches
  10 goblins
  9 hobgoblins
  11 jackals
  A quokka (D:2)
  3 frilled lizards
  13 kobolds
  9 rats
87 creatures vanquished.

Vanquished Creatures (others)
  A frilled lizard (D:2)
1 creature vanquished.

Grand Total: 88 creatures vanquished

Notes
Turn   | Place    | Note
-------+----------+-------------------------------------------
     0 | D:1      | Aviak the Gnoll Skald began the quest for the Orb.
     0 | D:1      | Reached XP level 1. HP: 20/20 MP: 6/6
   210 | D:1      | Reached XP level 2. HP: 26/26 MP: 3/7
   344 | D:1      | You fall into a shaft and drop 1 floor!
   631 | D:1      | Reached XP level 3. HP: 31/31 MP: 9/9
   651 | D:1      | Reached skill level 5 in Spellcasting
   826 | D:1      | Reached skill level 1 in Invocations
  1465 | D:2      | Reached skill level 1 in Short Blades
  1465 | D:2      | Reached skill level 1 in Long Blades
  1465 | D:2      | Reached skill level 1 in Axes
  1465 | D:2      | Reached skill level 1 in Maces & Flails
  1465 | D:2      | Reached skill level 1 in Staves
  1465 | D:2      | Reached skill level 1 in Slings
  1465 | D:2      | Reached skill level 1 in Bows
  1465 | D:2      | Reached skill level 1 in Crossbows
  1465 | D:2      | Reached skill level 1 in Throwing
  1465 | D:2      | Reached skill level 1 in Stealth
  1465 | D:2      | Reached skill level 1 in Shields
  1465 | D:2      | Reached skill level 1 in Unarmed Combat
  1465 | D:2      | Reached skill level 1 in Evocations
  1465 | D:2      | Reached XP level 4. HP: 32/38 MP: 8/11
  1488 | D:2      | Learned a level 2 spell: Song of Slaying
  1491 | D:2      | Learned a level 2 spell: Shroud of Golubria
  1931 | D:2      | Reached skill level 1 in Conjurations
  1931 | D:2      | Reached skill level 1 in Hexes
  1931 | D:2      | Reached skill level 1 in Summonings
  1931 | D:2      | Reached skill level 1 in Necromancy
  1931 | D:2      | Reached skill level 1 in Translocations
  1931 | D:2      | Reached skill level 1 in Transmutations
  1931 | D:2      | Reached skill level 1 in Fire Magic
  1931 | D:2      | Reached skill level 1 in Ice Magic
  1931 | D:2      | Reached skill level 1 in Air Magic
  1931 | D:2      | Reached skill level 1 in Earth Magic
  1931 | D:2      | Reached skill level 1 in Poison Magic
  2090 | D:2      | Noticed Terence
  2107 | D:2      | Killed Terence
  2107 | D:2      | Reached XP level 5. HP: 27/43 MP: 12/12
  2264 | D:2      | Found a white marble altar of Elyvilon.
  2384 | D:2      | Noticed Sigmund
  2394 | D:2      | Killed Sigmund
  2394 | D:2      | Reached XP level 6. HP: 30/50 MP: 9/14
  2991 | D:3      | Found a sacrificial altar of Ru.
  2998 | D:3      | Found a bloodstained altar of Trog.
  3040 | D:3      | Reached skill level 5 in Fighting
  3040 | D:3      | Reached skill level 5 in Polearms
  3040 | D:3      | Reached skill level 5 in Dodging
  3418 | D:3      | Found a hazy altar of Hepliaklqana.
  3688 | D:3      | Quit the game

Illustrated notes

Levels and vault maps discovered:
D:1:      dpeg_arrival_tiny_f, layout_basic
D:2:      layout_loops_ring, elyvilon_altar_4, uniq_terence, uniq_sigmund
D:3:      layout_loops_ring, amethyst_overflow_temple_binary,
          lemuel_coloured_pillars_altar, serial_co_window_serial,
          co_window_paths_a, co_window_paths_a, co_window_of_opportunity_a,
          co_window_corner_a, co_window_corner_a, co_window_broadway_b,
          co_window_broadway_a, co_window_broadway_c, co_window_corner_b,
          co_window_broadway_a, glass_columns_b, first_ration

Skill      XL: |  1  2  3  4  5  6 |
---------------+-------------------+-----
Spellcasting   | 5 |  5.4
Invocations    | 1 2 |  2.2
Short Blades   | 1 2 |  2.0
Long Blades    | 1 2 |  2.0
Axes           | 1 2 |  2.0
Maces & Flails | 1 2 |  2.0
Staves         | 1 2 |  2.0
Slings         | 1 2 |  2.0
Bows           | 1 2 |  2.0
Crossbows      | 1 2 |  2.0
Throwing       | 1 2 |  2.0
Stealth        | 1 2 |  2.0
Shields        | 1 2 |  2.0
Unarmed Combat | 1 2 |  2.0
Evocations     | 1 2 |  2.0
Conjurations   | 1 |  1.6
Hexes          | 1 |  1.6
Summonings     | 1 |  1.6
Necromancy     | 1 |  1.6
Translocations | 1 |  1.6
Transmutations | 1 |  1.6
Fire Magic     | 1 |  1.6
Ice Magic      | 1 |  1.6
Air Magic      | 1 |  1.6
Earth Magic    | 1 |  1.6
Poison Magic   | 1 |  1.6
Armour         | 3 |  3.3
Fighting       | 5 |  5.0
Polearms       | 5 |  5.0
Dodging        | 5 |  5.0
Charms         | |  5.7

Action                   |  1- 3 |  4- 6 || total
-------------------------+-------+-------++-------
Melee: Spear             |   109 |       ||   109
       Bite              |    11 |    16 ||    27
       Dagger            |    29 |   134 ||   163
 Cast: Infusion          |     9 |     2 ||    11
       Song of Slaying   |       |     1 ||     1
 Stab: Sleeping          |     3 |    12 ||    15
       Distracted        |       |     1 ||     1
  Eat: Chunk             |     1 |     7 ||     8
Armor: Leather armour    |    32 |     1 ||    33
       Robe              |       |    11 ||    11
Dodge: Dodged            |    94 |    66 ||   160
